 Dungeon Crawl Stone Soup version 0.27-a0-531-gb72ec1a1b6 (webtiles) character file.

Game seed: 8197186394877751204

20416 Leibowitz the Impaler (level 12, 0/102 HPs)
             Began as a Merfolk Berserker on Mar 5, 2021.
             Was a High Priest of Trog.
             Slain by a vault guard
             ... wielding a +2 glaive of freezing
              (9 damage)
             ... on level 13 of the Dungeon.
             The game lasted 00:44:44 (10142 turns).

Leibowitz the Impaler (Merfolk Berserker)          Turns: 10142, Time: 00:44:44

Health: 0/102      AC:  8    Str: 26    XL:     12   Next: 79%
Magic:  10/10      EV: 21    Int:  7    God:    Trog [*****.]
Gold:   821        SH:  0    Dex: 20    Spells: 11/11 levels left

rFire    . . .     SeeInvis .   a - +3 trident (freeze)
rCold    + . .     Faith    .   (no shield)
rNeg     . . .     Spirit   .   i - +4 scale mail {rC+}
rPois    .         Reflect  .   M - +0 helmet
rElec    .         Harm     .   G - +0 cloak
rCorr    .         Rampage  .   H - +0 pair of fencer's gloves {Riposte Dex+3}
Will     ++...                  (no boots)
Stlth    ..........             o - amulet of regeneration
HPRegen  2.27/turn              L - +4 ring of evasion
MPRegen  0.12/turn              x - +6 ring of strength

@: marked, corroded, attractive, regenerating (expiring), studying Polearms
A: change form in water, amphibious, low mp 1, strong 1, nimble swimmer 2
a: Renounce Religion, Berserk, Trog's Hand, Brothers in Arms


You were on level 13 of the Dungeon.
You worshipped Trog.
Trog was extremely pleased with you.
You visited 1 branch of the dungeon, and saw 13 of its levels.

You collected 821 gold pieces.

Inventory:

Hand Weapons
 a - a +3 trident of freezing (weapon)
 b - a +0 trident of venom
 q - a +0 spear of venom
 A - the +9 rapier of the Orcish Mines {vorpal, rPois}
   (You found it on level 11 of the Dungeon)

   It inflicts extra damage upon your enemies.
   It protects you from poison.
 I - a +1 scimitar of flaming
 O - the +6 scythe "Iched" {vorpal, *Noise rElec rPois rC++}
   (You took it off an orc wizard on level 11 of the Dungeon)

   It inflicts extra damage upon your enemies.
   It greatly protects you from cold.
   It insulates you from electricity.
   It protects you from poison.
   It may make noises in combat.
Missiles
 j - a throwing net
 r - 12 datura-tipped darts
Armour
 i - a +4 scale mail of cold resistance (worn)
 G - a +0 cloak (worn)
 H - the +0 pair of fencer's gloves (worn) {Riposte Dex+3}
   (You found it on level 8 of the Dungeon)

   It affects your dexterity (+3).
 J - a +2 robe of positive energy
 M - a +0 helmet (worn)
Jewellery
 o - an amulet of regeneration (around neck)
 x - a +6 ring of strength (right hand)
 y - a ring of poison resistance
 L - a +4 ring of evasion (left hand)
 N - a ring of magical power
 P - a ring of protection from fire
Wands
 B - a wand of digging (4)
 E - a wand of acid (7)
 Q - a wand of flame (14)
 R - a wand of charming (5)
 S - a wand of mindburst (18)
Scrolls
 g - 6 scrolls of identify {unknown}
 k - 4 scrolls of enchant armour {unknown}
 m - 2 scrolls of fear {unknown}
 s - 6 scrolls of teleportation {unknown}
 t - 3 scrolls of noise {unknown}
 v - 4 scrolls of enchant weapon {unknown}
 w - 2 scrolls of magic mapping {unknown}
 K - 2 scrolls of immolation {unknown}
Potions
 c - 2 potions of cancellation
 d - a potion of degeneration {unknown}
 e - 3 potions of resistance {unknown}
 f - 2 potions of mutation
 h - 2 potions of lignification {unknown}
 l - 3 potions of attraction
 n - 5 potions of curing {unknown}
 p - 2 potions of flight {unknown}
 u - 4 potions of brilliance
 z - a potion of might {unknown}
 C - 2 potions of haste {unknown}
 D - a potion of invisibility {unknown}
 F - 3 potions of heal wounds {unknown}


   Skills:
 * Level 12.0 Fighting
 * Level 18.4 Polearms
 * Level 7.7 Armour
 * Level 10.9 Dodging
 + Level 1.9 Evocations


You had 11 spell levels left.
You didn't know any spells.
Your spell library was empty.

Dungeon Overview and Level Annotations

Branches:
Dungeon (13/15)            Temple (0/1) D:4            Lair (0/6) D:9
    Orc (0/2) D:11         Vaults (0/5) D:13

Altars:
Cheibriados
Dithmenos
Elyvilon
Fedhas
Gozag
Kikubaaqudgha
Nemelex Xobeh
Okawaru
Qazlal
Sif Muna
Trog
Xom
Zin

Shops:
D:10 *

Annotations:
D:8 exclusion: orange crystal statue


Innate Abilities, Weirdness & Mutations

You revert to your normal form in water.
You are amphibious.
You are quick and stealthy while swimming. (Stealth+, EV+, Speed+++)
Your magical capacity is low. (-10% MP)
Your muscles are strong. (Str +2)


Message History

Your Fighting skill increases to level 12!
The acid dragon spits acid at you.
The splash of acid hits you but does no damage.
The acid corrodes you!
You are splashed with acid!
The necromancer hits you but does no damage.
The vault guard completely misses you. The human completely misses you.
The human closely misses you.
You hear some strange, mumbled words.
Found a gate to the Vaults.
There is an open gate here.
You puncture the vault guard! You freeze the vault guard.
The vault guard is lightly wounded.
The human barely misses you. The acid dragon spits acid at you.
The splash of acid hits you! The acid corrodes you!
You are splashed with acid!
* * * LOW HITPOINT WARNING * * *
The necromancer closely misses you. The human misses you. x2; You riposte.
You hit the human. You freeze the human.
The human is moderately wounded.
It was a potion of mutation.
You feel extremely strange.
You feel less energetic.
You feel stronger.
You recover from your berserk rage.
You feel the effects of Trog's Hand fading.
The vault guard closely misses you.
You hear some strange, mumbled words.
Something tries to affect you, but you resist.
The human hits you.
* * * LOW HITPOINT WARNING * * *
The acid dragon bites you but does no damage.
The acid dragon claws you but does no damage.
The necromancer casts a spell at itself.
The necromancer flickers and vanishes!
The human hits you!
* * * LOW HITPOINT WARNING * * *
The human hits you.
* * * LOW HITPOINT WARNING * * *
It was a potion of attraction.
You feel attractive to monsters. Something barely misses you.
The vault guard hits you with a +2 glaive of freezing!
You die...

#(....'....# # #..∩.
#..⌠.††..### .# #.#....
#..†..'..####.## #.#....
#†....#.........
..##'''###')'##....>....
#^#.....#..Z..#.........
#.#.....Z.W...#......... #####
#.#..⌠.ppD.⌠..#.........
....#####.#:..pp@)p..)#.....##+#
....'.....#$!..{#pZ..[#........#
....#####.#############.....####
....# #[..................#
....# ##.........#####+##.#
##### #.........# ...
#.........# .....
#.........######. ....
#................ ###


You could see a vault guard (soul bound), 5 humans, a wraith, an acid dragon
(soul bound, catching breath), a human simulacrum, a vault guard simulacrum and
a centaur warrior skeleton.

Vanquished Creatures
  The ghost of triki the Nimble, a journeyman GnAM of Sif Muna (D:11)
  2 boulder beetles
  A vault guard (D:13)
  A centaur warrior (D:12)
  Erica (D:9)
  The ghost of Gather the Frost Mage, a journeyman OpIE of Elyvilon (D:11)
  The ghost of Mandevil the Covert, a novice SpVM of Gozag (D:11)
  A wizard (D:13)
  A cyclops (D:11)
  3 ugly things
  A necromancer (D:13)
  Maggie (D:9)
  A komodo dragon (D:12)
  An efreet (D:12)
  2 trolls
  2 polar bears (D:10)
  Grinder (D:6)
  A shadow (D:11)
  A wyvern (D:9)
  8 yaks
  A vampire (D:8)
  14 humans (D:13)
  Grum (D:8)
  2 water moccasins (D:10)
  4 ice beasts
  An eye of draining (D:11)
  2 orc warriors
  A black bear (D:12)
  6 sky beasts
  2 wolves (D:8)
  6 ogres
  4 centaurs
  2 phantoms (D:11)
  2 kobold brigands
  4 bullfrogs
  5 scorpions
  16 killer bees
  16 wights
  5 electric eels
  3 centaur zombies
  8 hounds
  3 quasits
  A jelly (D:9)
  Crazy Yiuf (D:7)
  2 centaur skeletons
  7 orc priests
  Jessica (D:2)
  An iguana (D:9)
  Terence (D:2)
  Natasha (thrice) (D:2)
  8 orc wizards
  9 worker ants
  3 hound skeletons
  A howler monkey zombie (D:7)
  A worker ant zombie (D:10)
  6 gnolls
  7 adders
  2 shadow imps (D:10)
  5 white imps
  An ufetubus (D:9)
  An adder zombie (D:9)
  2 adder skeletons
  4 leopard geckos
  43 orcs
  3 giant cockroaches
  11 goblins
  5 hobgoblins
  10 jackals
  6 quokkas
  4 ball pythons
  A ball python skeleton (D:5)
  9 bats
  9 frilled lizards
  A jackal zombie (D:5)
  22 kobolds
  A leopard gecko skeleton (D:4)
  A quokka skeleton (D:4)
  4 rats
337 creatures vanquished.

Vanquished Creatures (others)
  An unseen horror (D:12)
  A kobold brigand (D:9)
  An orc wizard (D:9)
  An orc (D:9)
  A kobold (D:9)
  A bush (D:9)
  3 plants (D:9)
9 creatures vanquished.

Grand Total: 346 creatures vanquished

Notes
Turn   | Place    | Note
-------+----------+-------------------------------------------
     0 | D:1      | Leibowitz the Merfolk Berserker began the quest for the
                  | Orb.
     0 | D:1      | Reached XP level 1. HP: 18/18 MP: 1/1
   206 | D:1      | Reached XP level 2. HP: 24/24 MP: 2/2
   463 | D:1      | Reached skill level 5 in Polearms
   559 | D:1      | Reached XP level 3. HP: 30/30 MP: 3/3
   996 | D:2      | Reached ** piety under Trog
   999 | D:2      | Reached XP level 4. HP: 37/37 MP: 4/4
  1202 | D:2      | Noticed Jessica
  1209 | D:2      | Killed Jessica
  1250 | D:2      | Noticed Natasha
  1260 | D:2      | Killed Natasha
  1261 | D:2      | Reached skill level 6 in Polearms
  1370 | D:2      | Noticed Natasha
  1409 | D:2      | Reached XP level 5. HP: 30/43 MP: 5/5
  1436 | D:2      | Killed Natasha
  1490 | D:2      | Noticed Natasha
  1507 | D:2      | Killed Natasha
  1691 | D:2      | Reached skill level 7 in Polearms
  1760 | D:2      | Reached XP level 6. HP: 35/49 MP: 6/6
  1933 | D:2      | Noticed Terence
  1942 | D:2      | Killed Terence
  2219 | D:2      | Found a faded altar of an unknown god.
  2791 | D:3      | Found an opulent altar of Gozag.
  2791 | D:3      | Found a bloodstained altar of Trog.
  2855 | D:3      | Reached *** piety under Trog
  2974 | D:4      | Found a white marble altar of Elyvilon.
  3080 | D:4      | Reached skill level 5 in Fighting
  3080 | D:4      | Reached skill level 8 in Polearms
  3080 | D:4      | Reached XP level 7. HP: 56/56 MP: 7/7
  3132 | D:4      | Found a staircase to the Ecumenical Temple.
  3623 | D:5      | Entered Level 5 of the Dungeon
  3691 | D:5      | Reached skill level 9 in Polearms
  3691 | D:5      | Reached skill level 5 in Dodging
  3834 | D:5      | Reached XP level 8. HP: 63/63 MP: 8/8
  4059 | D:6      | Noticed Grinder
  4082 | D:6      | Paralysed by Grinder for 4 turns
  4098 | D:6      | Paralysed by Grinder for 2 turns
  4108 | D:6      | Killed Grinder
  4109 | D:6      | Reached skill level 10 in Polearms
  4282 | D:6      | Found a shimmering blue altar of Sif Muna.
  4837 | D:7      | Reached **** piety under Trog
  5027 | D:7      | Found a glowing silver altar of Zin.
  5027 | D:7      | Found a faded altar of an unknown god.
  5040 | D:7      | Reached skill level 11 in Polearms
  5060 | D:7      | Found a faded altar of an unknown god.
  5066 | D:7      | Found a stormy altar of Qazlal.
  5071 | D:7      | Found a shadowy altar of Dithmenos.
  5466 | D:7      | Found a runed translucent door.
  5467 | D:7      | Noticed Crazy Yiuf
  5475 | D:7      | Killed Crazy Yiuf
  5476 | D:7      | Reached XP level 9. HP: 71/71 MP: 9/9
  5611 | D:8      | Noticed an orange crystal statue
  5763 | D:8      | Noticed a troll
  5804 | D:8      | Killed a troll
  6033 | D:8      | Found the +0 pair of fencer's gloves {Riposte Dex+3}
  6089 | D:8      | Noticed Grum
  6096 | D:8      | Reached skill level 1 in Evocations
  6110 | D:8      | Killed Grum
  6111 | D:8      | Reached skill level 12 in Polearms
  6632 | D:9      | Noticed a troll
  6643 | D:9      | Killed a troll
  6644 | D:9      | Reached skill level 5 in Armour
  6663 | D:9      | Noticed a boulder beetle
  6681 | D:9      | Killed a boulder beetle
  6682 | D:9      | Reached XP level 10. HP: 68/80 MP: 10/10
  6700 | D:9      | Found a blossoming altar of Fedhas.
  6709 | D:9      | Noticed Erica
  6741 | D:9      | Killed Erica
  6742 | D:9      | Reached skill level 13 in Polearms
  6813 | D:9      | Reached ***** piety under Trog
  6813 | D:9      | Noticed Maggie
  6854 | D:9      | Killed Maggie
  6945 | D:9      | Found a snail-covered altar of Cheibriados.
  7047 | D:9      | Found an iron altar of Okawaru.
  7119 | D:9      | Found an ancient bone altar of Kikubaaqudgha.
  7121 | D:9      | Found an iron altar of Okawaru.
  7121 | D:9      | Found an ancient bone altar of Kikubaaqudgha.
  7123 | D:9      | Found a sparkling altar of Nemelex Xobeh.
  7123 | D:9      | Found a stormy altar of Qazlal.
  7123 | D:9      | Found a shimmering altar of Xom.
  7170 | D:9      | Found a staircase to the Lair.
  7369 | D:10     | Entered Level 10 of the Dungeon
  7592 | D:10     | Noticed a boulder beetle
  7609 | D:10     | Killed a boulder beetle
  7610 | D:10     | Reached skill level 14 in Polearms
  7610 | D:10     | Reached XP level 11. HP: 64/89 MP: 11/11
  7782 | D:10     | Found Qakk's General Store.
  7850 | D:10     | Received a gift from Trog
  7905 | D:10     | Found a bloodstained altar of Trog.
  8286 | D:11     | Identified the +9 rapier of the Orcish Mines {vorpal,
                  | rPois}
  8326 | D:11     | Found a runed translucent gate.
  8326 | D:11     | Found a runed translucent gate.
  8326 | D:11     | Found a runed translucent gate.
  8327 | D:11     | Noticed Gather's ghost (journeyman OpIE)
  8327 | D:11     | Noticed triki's ghost (journeyman GnAM)
  8327 | D:11     | Noticed Mandevil's ghost (novice SpVM)
  8575 | D:11     | Killed Gather's ghost
  8576 | D:11     | Reached skill level 15 in Polearms
  8590 | D:11     | Killed Mandevil's ghost
  8604 | D:11     | Killed triki's ghost
  8605 | D:11     | Reached skill level 10 in Fighting
  8720 | D:11     | Noticed a cyan ugly thing
  8737 | D:11     | Killed a cyan ugly thing
  8787 | D:11     | Noticed a brown ugly thing
  8802 | D:11     | Killed a brown ugly thing
  8958 | D:11     | Reached skill level 16 in Polearms
  8971 | D:11     | Found a staircase to the Orcish Mines.
  9009 | D:11     | Reached skill level 10 in Dodging
  9108 | D:11     | Identified the +6 scythe "Iched" {vorpal, *Noise rElec
                  | rPois rC++}
  9118 | D:11     | Noticed a cyclops
  9139 | D:11     | Killed a cyclops
  9140 | D:11     | Reached XP level 12. HP: 99/99 MP: 12/12
  9332 | D:12     | Noticed a centaur warrior
  9385 | D:12     | Killed a centaur warrior
  9461 | D:12     | Reached skill level 17 in Polearms
 10078 | D:13     | Reached skill level 18 in Polearms
 10108 | D:13     | Noticed a vault guard
 10108 | D:13     | Noticed a vault guard
 10130 | D:13     | Killed a vault guard
 10139 | D:13     | Found a gate to the Vaults.
 10141 | D:13     | Gained mutation: Your magical capacity is low. (-10% MP)
                  | [potion of mutation]
 10141 | D:13     | Gained mutation: Your muscles are strong. (Str +2) [potion
                  | of mutation]
 10142 | D:13     | Slain by a vault guard

Illustrated notes

Levels and vault maps discovered:
D:1:      noname_arrival_rooms_in_the_neighbourhood, layout_basic,
          grunt_decor_one_mirror
D:2:      layout_basic, chequers_ecumenical_altar_simple_redux, uniq_jessica,
          uniq_terence, uniq_natasha
D:3:      layout_rooms, chequers_temple_overflow_statue_of_worship,
          minmay_misc_feat_roman
D:4:      layout_basic, overflow_temple_1_default,
          minmay_temple_entry_statues_fountains
D:5:      layout_rooms, kennysheep_generic_room_2
D:6:      layout_loops_ring, lemuel_blue_sif_altar, chequers_arboretum,
          uniq_grinder
D:7:      layout_rooms, nicolae_overflow_hidden_temple,
          chequers_temple_overflow_minitemple, dk_noncrumbling_3,
          minmay_stone_trees_small, uniq_crazy_yiuf_cottage
D:8:      minmay_separated_statues, layout_loops_cross, minmay_crystal_room,
          kennysheep_big_empty_room, kennysheep_decorative_pillar, uniq_grum
D:9:      layout_cave_pools, fedhas_ov_isle_minmay, kennysheep_okawaru_gauntlet,
          doesnt_xom_only_xom, cheibriados_altar_1, minivault_25_ag,
          lightli_orcish_oven, uniq_erica, uniq_maggie
D:10:     layout_gridville, serial_shops, nicolae_shop_crystal,
          trog_ov_bears_minmay
D:11:     layout_loops_cross, orc_0_dummy, gammafunk_ghost_cemetery, nrook_uturn
D:12:     layout_basic, hangedman_decor_diamond_cutter, minmay_radiant
D:13:     layout_basic, grunt_vaults_entry_tiered

Skill      XL: |  1  2  3  4  5  6  7  8  9 10 11 12 |
---------------+-------------------------------------+-----
Polearms       | 5 6 7 8 9 11 12 14 16 18 | 18.4
Dodging        | 3 4 5 6 7 9 10 | 10.9
Fighting       | 4 5 6 8 9 10 12 | 12.0
Armour         | 2 3 5 6 7 |  7.7
Evocations     | 1 |  1.9

Action                   |  1- 3 |  4- 6 |  7- 9 | 10-12 || total
-------------------------+-------+-------+-------+-------++-------
Melee: Spear             |    81 |   190 |   469 |       ||   740
       Trident           |       |       |    23 |   654 ||   677
       Tailslap          |       |       |     1 |    21 ||    22
Invok: Berserk           |     1 |     1 |     4 |     5 ||    11
       Trog's Hand       |       |       |     2 |     3 ||     5
Evoke: Wand              |       |     2 |     6 |     9 ||    17
  Use: Potion            |       |       |     2 |     2 ||     4
 Stab: Sleeping          |     2 |       |       |       ||     2
Armor: Animal skin       |    10 |     3 |       |       ||    13
       Scale mail        |       |    25 |   125 |   145 ||   295
Dodge: Dodged            |    50 |    87 |   221 |   492 ||   850
       Rpst.: Spear      |       |       |     6 |       ||     6
       Trident           |       |       |     5 |   124 ||   129

Table legend: (Time is in decaauts)
 A = Elapsed time spent in this place.
 B = Non-inter-level travel time spent in this place.
 C = Inter-level travel time spent in this place.
 D = Time resting spent in this place.
 E = Time spent auto-exploring this place.
 F = Levels seen in this place.
 G = Mean time per level.
                   A        B        C        D        E       F      G
               +--------+--------+--------+--------+--------+-----+--------+
         Total |   9650 |   9281 |    369 |    926 |   6024 |  13 |  742.3 |
       Dungeon |   9650 |   9281 |    369 |    926 |   6024 |  13 |  742.3 |
               +--------+--------+--------+--------+--------+-----+--------+

Top non-repeatable levels by time:
     D:2: 1261 daAuts
    D:11: 1037 daAuts
     D:1: 971 daAuts
     D:8: 882 daAuts
    D:10: 837 daAuts
     D:6: 785 daAuts
     D:9: 734 daAuts
     D:3: 709 daAuts
     D:7: 694 daAuts
     D:4: 632 daAuts
    D:12: 401 daAuts
     D:5: 380 daAuts
    D:13: 323 daAuts
